 Dungeon Crawl Stone Soup version 0.29-a0-887-gcbe080d7e0 (webtiles) character file.

Game seed: 10566748627106472060

60 spaghetti the Poker (level 4, -1/55 HPs)
             Began as a Gnoll Wanderer on July 20, 2022.
             Slain by Crazy Yiuf
             ... wielding a +2 quarterstaff of chaos
              (19 damage)
             ... on level 2 of the Dungeon on July 21, 2022.
             The game lasted 00:04:15 (2642 turns).

spaghetti the Poker (Gnoll Wanderer)                Turns: 2642, Time: 00:04:15

Health: -1/55      AC: 22    Str: 11 (12) XL:     4   Next: 4%
Magic:  8/8        EV:  2    Int: 13 (14) God:
Gold:   61         SH:  4    Dex:  8 (10) Spells: 8/8 levels left

rFire   + . .      SeeInvis .     - Unarmed
rCold   + . .      Faith    .   b - +0 buckler
rNeg    . . .      Spirit   .   (body armour currently unavailable)
rPois   +          Reflect  .   (helmet currently unavailable)
rElec   +          Harm     .   (cloak currently unavailable)
rCorr   +          Rampage  .   (gloves currently unavailable)
Will    .....      NoTele   +   (boots currently unavailable)
Stlth   +.........              (no amulet)
HPRegen 0.18/turn               (no ring)
MPRegen 0.11/turn               (no ring)

@: agile, lethally poisoned (-1 -> -6), tree-form, resistant, hasted, very quick
A: stationary, stasis, torment immunity, boosted hp, (fangs 1), strong nose,
distributed training, (horns 1), sense surroundings 1, robust 1, MP-powered
wands
a: no special abilities


You were on level 2 of the Dungeon.
You were a tree.
You visited 1 branch of the dungeon, and saw 2 of its levels.

You collected 61 gold pieces.


Innate Abilities, Weirdness & Mutations

You are a tree.
Your roots penetrate the ground, keeping you stationary.
You cannot be teleported.
You are immune to unholy pain and torment.
Your maximum health is greatly increased.
Your equipment is partially melded.
((You have very sharp teeth.))
Your uncanny sense of smell can sniff out nearby items.
Your experience applies equally to all skills.
((You have a pair of small horns on your head.))
You passively map a small area around you.
You are robust. (+10% HP)
You expend magic power (3 MP) to strengthen your wands.


   Skills:
 + Level 2.7 Fighting
 + Level 1.0 Short Blades
 + Level 1.0 Long Blades
 + Level 1.0 Axes
 + Level 1.0 Maces & Flails
 + Level 6.6 Polearms
 + Level 1.0 Staves
 + Level 1.0 Ranged Weapons
 + Level 1.0 Throwing
 + Level 2.7 Armour
 + Level 1.0 Dodging
 + Level 1.0 Stealth
 + Level 4.6 Shields
 + Level 1.0 Unarmed Combat
 + Level 2.9 Spellcasting
 + Level 0.8 Conjurations
 + Level 0.8 Hexes
 + Level 0.8 Summonings
 + Level 0.8 Necromancy
 + Level 0.8 Translocations
 + Level 3.8 Transmutations
 + Level 0.8 Fire Magic
 + Level 0.8 Ice Magic
 + Level 0.8 Air Magic
 + Level 0.8 Earth Magic
 + Level 0.8 Poison Magic
 + Level 1.1 Invocations
 + Level 1.0 Evocations


You had 8 spell levels left.
You didn't know any spells.
Your spell library contained the following spells:

 Spells                   Type           Power      Damage    Failure   Level
 Beastly Appendage        Tmut           22%        N/A       6%          1
 Wereblood                Tmut           11%        N/A       10%         2
 Sting                    Tmut/Pois      28%        1d4       12%         1
 Summon Guardian Golem    Hex/Summ       4%         N/A       54%         3
 Orb of Destruction       Conj           2%         9d5       100%        7
 Spellforged Servitor     Conj/Summ      2%         N/A       100%        7

Inventory:

Hand Weapons
 a - a +0 spear {polearm}
 g - a +1 short sword of speed {short}
   (You took it off a kobold on level 1 of the Dungeon)
Missiles
 f - 21 stones (quivered) {throwing}
 m - a throwing net {=f!fthrowing}
Armour
 b - a +0 buckler (worn)
 d - a +0 robe (melded)
Scrolls
 c - 2 scrolls of teleportation {@r4}
 j - a scroll of blinking {unknown}
 k - a scroll of vulnerability {unknown}
 l - 3 scrolls of identify {unknown}
Potions
 h - 2 potions of mutation {!q}

Dungeon Overview and Level Annotations

Branches:
Dungeon (2/15) Zot: 9383

Altars:

Annotations:
D:2 Crazy Yiuf

..#
##.#.....#.#
#.####..#.##
..#
#.......#.#
#.#.......##
..#
##....#####
#.#.###.####
..# #....#
#.#.# #.# #
..# #....#
#####
#.#.###+####
..# #....#
#)(.#
#.#.........
..# ##...#
#...#
#.#<........
..# #...#
#.g.#
#.##........
..# #.†.#
#♣#*
#.##........
..# ##..#
♣.♣♣
#.##........
..# ##.#
♣♣.♣
#.##÷)......
#### #.#
♣.♣♣
#.##........
...#######.#
♣♣.♣
#.##........
##......##.#
♣♣.♣♣
#...........
........#.[#
♣♣...♣
#...........
........#.##
♣....♣
#..........÷
...######.#
##..##
##..........


You could see Crazy Yiuf.


Message History

Options error: Bad monster_list_colour key: strict_neutral (~/.crawlrc:4776) Bad channel name for runrest: 'pray:' ✅ Successfully initialized magus.rc [v1.9.6] Welcome back, spaghetti the Gnoll Wanderer.
Press ? for a list of commands and other information.
The hobgoblin shouts!
You see here 16 gold pieces.
You hit the hobgoblin.
You kill the hobgoblin!
No target in view!
No target in view!
No target in view!
No target in view!
No target in view!
No target in view!
No target in view!
No target in view!
No target in view!
No target in view!
No target in view!
No target in view!
You now have 58 gold pieces (gained 16).
l - 3 scrolls labelled YKHLUADYSH (gained 1)
f - 21 stones {throwing} (gained 3) Key pressed, stopping explore.
Key pressed, stopping explore.
Key pressed, stopping explore.
You now have 61 gold pieces (gained 3).
Found a stone staircase leading up.
Key pressed, stopping explore.
You open the door.
There is an open door here.
Key pressed, stopping explore.
Crazy Yiuf shouts!
It was a potion of mutation.
You feel extremely strange.
You feel your magical essence link to the dungeon's wands.
A pair of horns grows on your head!
You feel a strange attunement to the structure of the dungeons.
You feel robust.
Crazy Yiuf twirls on the spot.
You now have 37 max hp (+3).
You aren't carrying any items that you can evoke.
It was a potion of haste.
You feel yourself speed up.
Okay, then.
You open the door.
Crazy Yiuf hits you with a +2 quarterstaff of chaos!
You are poisoned.
There is an open translucent door here. 😮 HP[-12]
You take 12 damage, and now have 22/37 hp.
MASSIVE DAMAGE!! (PAUSE) Unknown command.
Unknown command.
It was a potion of resistance.
You feel protected.
You feel very sick. Crazy Yiuf barely misses you. 😮 HP[-3]
You take 3 damage, and now have 19/37 hp.
It was a potion of lignification.
You turn into a tree.
Your +0 robe melds into your body.
Your roots penetrate the ground.
You feel very sick. 😨 HP[+7]
You now have 55 max hp (+18).
You regained 7 hp, and now have 26/55 hp.
You are now empty-handed.
You feel sick.
Crazy Yiuf screams, "Whiteboard foot toodlewoodle!"
Crazy Yiuf hits you but does no damage. 😨 HP[-1]
You take 1 damage, and now have 25/55 hp.
You completely miss Crazy Yiuf.
You feel sick. 😨 HP[-2]
You take 2 damage, and now have 23/55 hp.
You barely miss Crazy Yiuf.
You feel sick.
Crazy Yiuf cries, "Mugger!
Defame mobile cower."
Crazy Yiuf hits you but does no damage.
You feel agile all of a sudden. 😨 HP[-2]
You take 2 damage, and now have 21/55 hp.
You hit Crazy Yiuf but do no damage.
You feel sick.
Crazy Yiuf hits you but does no damage. 😨 HP[-1]
You take 1 damage, and now have 20/55 hp.
It was a potion of degeneration.
There was something very wrong with that liquid.
You feel weakened.
You feel dopey.
You feel clumsy.
You feel sick. 😨 HP[-1]
You take 1 damage, and now have 19/55 hp.
You aren't carrying any items that you can evoke.
Throw: 2 throwing nets {=f!fthrowing}
Press: ? - help, Shift-Dir - straight line, f - Crazy Yiuf
Aim: Crazy Yiuf, wielding a +2 quarterstaff of chaos and wearing a +0 cloak (58% to hit)
You throw a throwing net {=f!fthrowing}.
The throwing net {=f!fthrowing} completely misses Crazy Yiuf.
You feel sick.
Crazy Yiuf yells, "Aardvark broken sing-song!"
Crazy Yiuf hits you but does no damage. Space warps horribly around you!!
You die...

Skill      XL: |  1  2  3 |
---------------+----------+-----
Invocations    | 1 |  1.1
Short Blades   | 1 |  1.0
Long Blades    | 1 |  1.0
Axes           | 1 |  1.0
Maces & Flails | 1 |  1.0
Staves         | 1 |  1.0
Ranged Weapons | 1 |  1.0
Throwing       | 1 |  1.0
Dodging        | 1 |  1.0
Stealth        | 1 |  1.0
Unarmed Combat | 1 |  1.0
Evocations     | 1 |  1.0
Fighting       | |  2.7
Polearms       | |  6.6
Armour         | |  2.7
Shields        | |  4.6
Spellcasting   | |  2.9
Conjurations   | |  0.8
Hexes          | |  0.8
Summonings     | |  0.8
Necromancy     | |  0.8
Translocations | |  0.8
Transmutations | |  3.8
Fire Magic     | |  0.8
Ice Magic      | |  0.8
Air Magic      | |  0.8
Earth Magic    | |  0.8
Poison Magic   | |  0.8

Action                   |  1- 3 |  4- 6 || total
-------------------------+-------+-------++-------
Melee: Spear             |   126 |     3 ||   129
       Bite              |    11 |       ||    11
       Unarmed           |       |     3 ||     3
Throw: Throwing net      |       |     1 ||     1
  Use: Potion            |       |     5 ||     5
 Stab: Sleeping          |     2 |       ||     2
Armor: Robe              |    14 |       ||    14
       Skin              |       |     4 ||     4
Dodge: Dodged            |    39 |     1 ||    40
Block: Buckler           |    14 |       ||    14

Levels and vault maps discovered:
D:1:      amcnicky_arrival_feature_with_door, layout_loops_ring,
          grunt_decor_junction
D:2:      layout_basic, shapermc_ecumenical_altar_petra, uniq_crazy_yiuf_cottage

Notes
Turn   | Place    | Note
-------+----------+-------------------------------------------
     0 | D:1      | spaghetti the Gnoll Wanderer began the quest for the Orb.
     0 | D:1      | spaghetti set off with the following items: a +0 spear
                  | {polearm}, a +0 buckler, a scroll of teleportation {@r4}, a
                  | +0 robe; and the following spells available to memorise:
                  | Beastly Appendage, Wereblood, Sting.
     0 | D:1      | Reached XP level 1. HP: 17/17 MP: 4/4
     0 | D:1      | magus.rc [v1.9.6]
    72 | D:1      | HP: 3/17 [hobgoblin (4)]
    74 | D:1      | HP: 1/17 [goblin/+0 dagger (2)]
   452 | D:1      | Reached XP level 2. HP: 23/23 MP: 5/5
   577 | D:1      | magus.rc [v1.9.6]
  1245 | D:2      | Reached XP level 3. HP: 21/28 MP: 7/7
  1438 | D:2      | Reached skill level 1 in Invocations
  1680 | D:2      | Reached skill level 1 in Short Blades
  1680 | D:2      | Reached skill level 1 in Long Blades
  1680 | D:2      | Reached skill level 1 in Axes
  1680 | D:2      | Reached skill level 1 in Maces & Flails
  1680 | D:2      | Reached skill level 1 in Staves
  1680 | D:2      | Reached skill level 1 in Ranged Weapons
  1680 | D:2      | Reached skill level 1 in Throwing
  1680 | D:2      | Reached skill level 1 in Dodging
  1680 | D:2      | Reached skill level 1 in Stealth
  1680 | D:2      | Reached skill level 1 in Unarmed Combat
  1680 | D:2      | Reached skill level 1 in Evocations
  1855 | D:2      | You pick up a book of Dangerous Friends and begin
                  | reading...
  1855 | D:2      | You add the spells Summon Guardian Golem, Orb of
                  | Destruction and Spellforged Servitor to your library.
  1901 | D:2      | Found a runed translucent door.
  1902 | D:2      | Noticed Crazy Yiuf
  2230 | D:2      | Reached XP level 4. HP: 34/34 MP: 8/8
  2338 | D:2      | Upgraded the game from 0.29-a0-885-gb26ba3297d to
                  | 0.29-a0-887-gcbe080d7e0
  2338 | D:2      | magus.rc [v1.9.6]
  2631 | D:2      | Gained mutation: You expend magic power (3 MP) to
                  | strengthen your wands. [potion of mutation]
  2631 | D:2      | Gained mutation: You have a pair of small horns on your
                  | head. [potion of mutation]
  2631 | D:2      | Gained mutation: You passively map a small area around you.
                  | [potion of mutation]
  2631 | D:2      | Gained mutation: You are robust. (+10% HP) [potion of
                  | mutation]
  2642 | D:2      | Slain by Crazy Yiuf

Vanquished Creatures
  2 adders (D:2)
  A worm (D:2)
  4 bats
  4 endoplasms
  2 giant cockroaches (D:2)
  4 goblins
  4 hobgoblins
  A quokka (D:2)
  3 ball pythons
  4 frilled lizards
  5 kobolds
  4 rats
38 creatures vanquished.

Table legend:
 A = Non-vault XP
 B = Vault XP
 C = Vault XP percentage of total XP
 D = Non-vault monster count
 E = Vault monster count
 F = Vault count percentage of total count
                 A         B        C        D         E       F
            +---------+---------+-------+---------+---------+-------
      Total |      86 |       0 |   0.0 |      38 |       0 |   0.0
            +---------+---------+-------+---------+---------+-------
        D:1 |      25 |       0 |   0.0 |      17 |       0 |   0.0
        D:2 |      61 |       0 |   0.0 |      21 |       0 |   0.0
            +---------+---------+-------+---------+---------+-------

Illustrated notes

Table legend:
 A = Kills in this place as a percentage of kills in entire the game.
 B = Kills by you in this place as a percentage of kills by you in the entire game.
 C = Kills by friends in this place as a percentage of kills by friends in the entire game.
 D = Other kills in this place as a percentage of other kills in the entire game.
 E = Experience gained in this place as a percentage of experience gained in the entire game.
 F = Experience gained in this place divided by the number of levels of this place that you have seen.
                   A       B       C       D       E      F
               +-------+-------+-------+-------+-------+----------------------
         Total | 100.0 | 100.0 |   N/A |   N/A | 100.0 |  43.0
       Dungeon | 100.0 | 100.0 |   N/A |   N/A | 100.0 |  43.0
               +-------+-------+-------+-------+-------+----------------------

Table legend: (Time is in decaauts)
 A = Elapsed time spent in this place.
 B = Non-inter-level travel time spent in this place.
 C = Inter-level travel time spent in this place.
 D = Time resting spent in this place.
 E = Time spent auto-exploring this place.
 F = Levels seen in this place.
 G = Mean time per level.
                   A        B        C        D        E       F      G
               +--------+--------+--------+--------+--------+-----+--------+
         Total |   2615 |   2580 |     35 |    241 |   2093 |   2 | 1307.5 |
       Dungeon |   2615 |   2580 |     35 |    241 |   2093 |   2 | 1307.5 |
               +--------+--------+--------+--------+--------+-----+--------+

Top non-repeatable levels by time:
     D:2: 1392 daAuts
     D:1: 1222 daAuts
